 Dungeon Crawl Stone Soup version 0.28.0 (webtiles) character file.

Game seed: 18440814502864652917

0 multipassport the Magician (level 1, -1/15 HPs)
             Began as a Djinni Enchanter on Feb 12, 2022.
             Frozen to death by an endoplasm (4 damage)
             ... on level 1 of the Dungeon.
             The game lasted 00:01:06 (114 turns).

multipassport the Magician (Djinni Enchanter)        Turns: 114, Time: 00:01:06

Health: -1/15      AC:  2    Str:  7    XL:     1   Next: 11%
Gold:   12         EV: 12    Int: 16    God:
                   SH:  0    Dex: 13

rFire   + + .      SeeInvis .   a - +1 dagger
rCold   x . .      Faith    .   (no shield)
rNeg    . . .      Spirit   .   b - +0 robe
rPois   ∞          Reflect  .   (no helmet)
rElec   .          Harm     .   (no cloak)
rCorr   .          Rampage  .   (no gloves)
Will    .....                   (boots unavailable)
Stlth   ++........              (no amulet)
HPRegen 0.05/turn               (no ring)
MPRegen 0.00/turn               (no ring)

@: flying
A: sickness immunity, fire resistance 2, cold vulnerability 1, float, innate
caster, HP casting, extra vitality 1
a: no special abilities


You were on level 1 of the Dungeon.
You visited 1 branch of the dungeon, and saw 1 of its levels.

You collected 12 gold pieces.

Inventory:

Hand Weapons
 a - a +1 dagger (weapon)
Missiles
 e - 11 bolts
Armour
 b - a +0 robe (worn)
Jewellery
 f - a +4 ring of protection
Potions
 c - a potion of invisibility
 d - a potion of curing {unknown}


   Skills:
 + Level 0.9 Short Blades
 + Level 2.2 Dodging
 - Level 2.4 Stealth
 + Level 2.4 Spellcasting


You couldn't memorise any spells.
You knew the following spells:

 Your Spells              Type           Power      Damage    Failure   Level
a - Ensorcelled Hibernat  Hex/Ice        18%        N/A       11%         2
b - Confusing Touch       Hex            9%         N/A       22%         3
c - Tukima's Dance        Hex            9%         N/A       22%         3
d - Dazzling Flash        Conj/Hex       18%        N/A       22%         3
Your spell library was empty.

Dungeon Overview and Level Annotations

Branches:
Dungeon (1/15)

Altars:


Innate Abilities, Weirdness & Mutations

You are immune to sickness and miasma.
You are immune to poison.
Your flesh is very heat resistant. (rF++)
You are vulnerable to cold. (rC-)
You float through the air rather than walking.
You learn spells naturally, not from books.
Your magical power is your life essence.
You have superior vitality. (+4 MHP)


Message History

You hit the goblin.
The goblin is severely wounded.
The kobold shouts!
The endoplasm quivers.
A bat comes into view.
The goblin hits you with a +0 dagger. The bat closely misses you.
The bat hits you. The bat closely misses you. The bat misses you.
The bat hits you but does no damage. x2
The bat hits you but does no damage.
You miss the goblin.
The goblin is severely wounded.
You barely miss the goblin.
The goblin is severely wounded.
The goblin barely misses you.
You closely miss the goblin.
The goblin is moderately wounded.
The goblin hits you with a +0 dagger.
The endoplasm jiggles.
You hit the goblin.
You kill the goblin!
You hit the endoplasm but do no damage. The endoplasm freezes you.
You are frozen.
You feel a terrible chill!
You barely miss the endoplasm. The endoplasm closely misses you.
You barely miss the endoplasm. The endoplasm freezes you.
You are frozen.
You barely miss the endoplasm. The endoplasm freezes you.
You are frozen.
You feel a terrible chill!
* * * LOW HITPOINT WARNING * * *
You barely miss the endoplasm. The endoplasm hits you.
* * * LOW HITPOINT WARNING * * *
You hit the endoplasm.
The endoplasm is moderately wounded.
The endoplasm freezes you.
You are frozen.
You feel a terrible chill!
You die...

. #..# ..
#...##...#.
........K.# # ....
#.#.#
######..>.####.$.#
##....#......K..###
##..##.#######b###
##..##..# #J#
##.......## #@#
#...#.##..## #.#
...##..#...## #.##
..###..#.#..## #..#
.## #....##..####.#
## #.##.###..###.#
.####.##.# ##..##.#
..#......# ##....#
<.#.####.# ##...#


You could see an endoplasm, a bat and a kobold.

Vanquished Creatures
  A goblin (D:1)
1 creature vanquished.

Notes
Turn   | Place    | Note
-------+----------+-------------------------------------------
     0 | D:1      | multipassport the Djinni Enchanter began the quest for the
                  | Orb.
     0 | D:1      | Reached XP level 1. HP: 15/15 MP: 0/0
   114 | D:1      | Frozen to death by an endoplasm

Illustrated notes

Levels and vault maps discovered:
D:1:      dpeg_chamrin_arrival_tetris, layout_loops_ring, minivault_26,
          minmay_misc_feat_iff

Action                   || total
-------------------------++-------
Melee: Dagger            ||    11
Armor: Robe              ||     3
Dodge: Dodged            ||     5
